 Dungeon Crawl Stone Soup version 0.19.0-24-gb05acd6 (webtiles) character file.

12497 BaronBadger the Cleaver (level 11, -15/103 HPs)
             Began as a Deep Dwarf Fighter on Nov 21, 2016.
             Was an Elder of Makhleb.
             Killed from afar by a tengu reaver (16 damage)
             ... with a freezing blast
             ... on level 11 of the Dungeon.
             The game lasted 00:15:53 (7825 turns).

BaronBadger the Cleaver (Deep Dwarf Fighter)        Turns: 7825, Time: 00:15:53

Health: -15/103    AC: 11    Str: 19 (22) XL:     11   Next: 63%
Magic:  10/10      EV:  5    Int: 10 (12) God:    Makhleb [****..]
Gold:   619        SH: 18    Dex: 14 (15) Spells: 0 memorised, 10 levels left

rFire  . . .     SeeInvis .     n - +0 broad axe (elec)
rCold  . . .     Gourm    .     k - +0 plate armour
rNeg   . . .     Faith    .     c - +1 shield
rPois  .         Spirit   .     h - +0 helmet
rElec  .         Reflect  +     E - +0 cloak
rCorr  .         Harm     .     (no gloves)
MR     +....                    (no boots)
Stlth  ..........               b - +6 amulet of reflection
                                (no ring)
                                B - +3 ring of strength

@: non-regenerating
A: damage resistance, recharge devices, clever 1, deformed body, low mp 1,
mutation resistance 1, sense surroundings 2, slow regeneration 3
a: Device Recharging, Minor Destruction, Lesser Servant of Makhleb, Major
Destruction, Renounce Religion


You were on level 11 of the Dungeon.
You worshipped Makhleb.
Makhleb was greatly pleased with you.
You were very full.

You visited 2 branches of the dungeon, and saw 12 of its levels.

You collected 674 gold pieces.
You spent 55 gold pieces at shops.

Inventory:

Hand Weapons
 a - a +0 war axe
 n - a +0 broad axe of electrocution (weapon)
 t - a +0 mace of protection
 w - a +0 mace
 F - a +0 mace of draining
Armour
 c - a +1 shield (worn)
 h - a +0 helmet (worn)
 k - a +0 plate armour (worn)
 E - a +0 cloak (worn)
Jewellery
 b - a +6 amulet of reflection (around neck)
 B - a +3 ring of strength (left hand)
 D - an uncursed ring of see invisible {unknown}
Wands
 e - a wand of heal wounds (0/9)
 z - a wand of heal wounds (0/9)
Scrolls
 p - 4 scrolls of magic mapping
 s - 3 scrolls of remove curse
 y - a scroll of enchant armour
 G - 3 scrolls of teleportation
Potions
 d - 4 potions of might
 j - 3 potions of curing
 o - 2 potions of brilliance
 q - a potion of agility
 r - a potion of flight {unknown}
 u - a potion of cancellation
 C - a potion of haste
Books
 m - a book of Geomancy

   Spells                             Type                      Level
   a - Sandblast                      Earth                        1
   b - Passwall                       Transmutation/Earth          2
   c - Stone Arrow                    Conjuration/Earth            3
   d - Petrify                        Transmutation/Earth          4
   e - Lee's Rapid Deconstruction     Earth                        5
Comestibles
 f - 6 bread rations
 g - 3 royal jellies
 i - 8 fruits
 l - 8 meat rations
 x - 6 slices of pizza


   Skills:
 + Level 7.9 Fighting
 * Level 12.0 Axes
 + Level 8.9 Armour
 + Level 9.4 Shields
 + Level 9.0 Evocations


You had 10 spell levels left.
You didn't know any spells.

Dungeon Overview and Level Annotations

Branches:
Dungeon (11/15)            Temple (1/1) D:4            Lair (0/6) D:9
    Orc: D:9-12

Altars:
Cheibriados
Elyvilon
Fedhas
Kikubaaqudgha
Makhleb
Nemelex Xobeh
Okawaru
Sif Muna
Trog
Uskayaw
Vehumet
Xom
Yredelemnul

Shops:
D:4 ?


Innate Abilities, Weirdness & Mutations

You are resistant to damage.
You can recharge devices by infusing magical energy.
You passively map the area around you.
You do not regenerate.
Your mind is acute. (Int +2)
Armour fits poorly on your strangely shaped body.
Your magical capacity is low. (-10% MP)
You are somewhat resistant to further mutation.


Message History

You block the tengu reaver's attack.
The tengu reaver claws you but does no damage.
Unknown command.
Your plate armour prevents you from hitting the tengu reaver.
The tengu reaver is heavily wounded.
You block the tengu reaver's attack. x2
The tengu reaver claws you but does no damage.
Unknown command.
You closely miss the tengu reaver.
The tengu reaver is heavily wounded.
The tengu reaver gestures at you while chanting.
The bolt of lightning hits you!
* * * LOW HITPOINT WARNING * * *
The battlesphere fires!
The barrage of energy hits you!
* * * LOW HITPOINT WARNING * * *
You slash the tengu reaver!
There is a sudden explosion of sparks!
The tengu reaver is almost dead.
The tengu reaver gestures at you while chanting.
The freezing blast hits you!
You die...

* , , ..# ...... ...# , #8..8#
...# , ##....##...#
*#.##......##..# ..#*#$D$$# #..#
#..##########..#
##########..+⌠.....*⌠'..#########
............#.._@Q_..#...........
....#..#....#⌠......[#....###...#
.#..#..#....#........#...........
....#..#..#.##########.##.....###
.......................##.##..#..
##'######+#...##.##..####.....#..
....#*, ,#.#.......## #.....#..
##'## ###...####### #.(...#..
....#* #.....####### #######..


You could see a fire dragon, a tengu reaver and a battlesphere.

Vanquished Creatures
  Gastronok (D:8)
  Erolcha (D:9)
  Erica (D:8)
  A hill giant (D:10)
  The ghost of Shufflesack the Infuser, a novice DECj of Vehumet (D:8)
  An ugly thing (D:11)
  A centaur zombie (D:10)
  Psyche (D:8)
  A tengu conjurer (D:11)
  4 trolls
  A two-headed ogre (D:8)
  2 hippogriffs
  The ghost of equalderp2856 the Scratcher, an amateur FeFi (D:5)
  4 hogs (D:7)
  A human (D:7)
  A wraith (D:10)
  Menkaure (D:6)
  A water moccasin (D:10)
  An eye of draining (D:9)
  3 sky beasts
  3 orc warriors
  3 ogres
  2 ice beasts
  2 phantoms
  2 centaurs (D:6)
  A crocodile (D:10)
  A big kobold (D:8)
  6 bullfrogs
  A wyvern zombie (D:9)
  2 scorpions
  11 wights
  5 howler monkeys
  6 crimson imps
  2 bullfrog zombies
  7 hounds
  6 orc priests
  2 jellies
  2 centaur skeletons
  A gnoll shaman (D:6)
  13 orc wizards
  2 iguanas
  6 worker ants
  A hound skeleton (D:6)
  3 worker ant zombies
  Robin (D:3)
  A howler monkey zombie (D:5)
  6 gnolls
  10 adders
  An adder zombie (D:7)
  An adder skeleton (D:9)
  4 worms
  6 dart slugs
  3 leopard geckos
  46 orcs
  7 bats
  A giant cockroach (D:4)
  8 goblins
  10 hobgoblins
  3 jackals (D:3)
  11 kobolds
  6 quokkas
  3 ball pythons
  3 frilled lizards
  A jackal zombie (D:6)
  3 rats
  A spectral orc (D:6)
  3 plants (D:2)
258 creatures vanquished.

Vanquished Creatures (others)
  A centaur (D:9)
  5 toadstools (D:1)
6 creatures vanquished.

Grand Total: 264 creatures vanquished

Notes
Turn   | Place    | Note
-------+----------+-------------------------------------------
     0 | D:1      | BaronBadger the Deep Dwarf Fighter began the quest for the Orb.
     0 | D:1      | Reached XP level 1. HP: 20/20 MP: 1/1
   121 | D:1      | Reached XP level 2. HP: 27/27 MP: 2/2
   583 | D:2      | Reached skill level 3 in Axes
   583 | D:2      | Reached XP level 3. HP: 23/33 MP: 3/3
   682 | D:2      | Reached XP level 4. HP: 37/42 MP: 4/4
  1444 | D:3      | Found a bloodstained altar of Trog.
  1597 | D:3      | Reached XP level 5. HP: 42/49 MP: 5/5
  1709 | D:3      | Reached skill level 4 in Axes
  1900 | D:3      | Noticed an ogre
  1914 | D:3      | Killed an ogre
  1914 | D:3      | Reached XP level 6. HP: 31/56 MP: 6/6
  2015 | D:3      | Noticed Robin
  2017 | D:3      | Killed Robin
  2360 | D:4      | Found a staircase to the Ecumenical Temple.
  2373 | D:4      | Reached skill level 5 in Axes
  2373 | D:4      | Reached skill level 5 in Shields
  2400 | Temple   | Entered the Ecumenical Temple
  2406 | Temple   | Became a worshipper of Makhleb the Destroyer
  2571 | D:4      | Found Soiwuoh's Magic Scroll Shop.
  2580 | D:4      | Bought a scroll of remove curse for 33 gold pieces
  2580 | D:4      | Bought a scroll of identify for 22 gold pieces
  2883 | D:5      | Entered Level 5 of the Dungeon
  2951 | D:5      | Found a snail-covered altar of Cheibriados.
  2999 | D:5      | Noticed equalderp2856's ghost (amateur FeFi)
  3024 | D:5      | Reached XP level 7. HP: 53/63 MP: 6/6
  3074 | D:5      | Killed equalderp2856's ghost
  3074 | D:5      | Reached skill level 5 in Armour
  3378 | D:5      | Reached skill level 6 in Axes
  3378 | D:5      | Reached skill level 1 in Evocations
  3400 | D:5      | Gained mutation: You are somewhat resistant to further mutation. [mutagenic meat]
  3552 | D:5      | Reached XP level 8. HP: 73/73 MP: 6/6
  3662 | D:5      | Reached * piety under Makhleb
  4017 | D:6      | Found a basalt altar of Yredelemnul.
  4302 | D:6      | Noticed Menkaure
  4326 | D:6      | Killed Menkaure
  4326 | D:6      | Reached skill level 7 in Axes
  4441 | D:6      | Reached skill level 5 in Fighting
  4867 | D:7      | Reached ** piety under Makhleb
  4887 | D:7      | Identified a scroll of acquirement
  4917 | D:7      | Found a deep blue altar of Sif Muna.
  4975 | D:7      | Gained mutation: You passively map the area around you. [Deep Dwarf growth]
  4975 | D:7      | Reached XP level 9. HP: 68/81 MP: 9/9
  4979 | D:7      | Reached skill level 8 in Axes
  4984 | D:7      | Reached skill level 5 in Evocations
  5522 | D:8      | Reached skill level 9 in Axes
  5578 | D:8      | You fall through a shaft for 2 floors!
  5578 | D:10     | Entered Level 10 of the Dungeon
  5758 | D:10     | Noticed a troll
  5758 | D:10     | Reached *** piety under Makhleb
  5758 | D:10     | Reached XP level 10. HP: 90/91 MP: 10/10
  5767 | D:10     | Noticed a hill giant
  5777 | D:10     | Killed a hill giant
  5932 | D:10     | Reached skill level 10 in Axes
  6225 | D:9      | Found a blossoming altar of Fedhas.
  6276 | D:9      | Found a staircase to the Lair.
  6331 | D:9      | Noticed Erolcha
  6337 | D:9      | Killed Erolcha
  6469 | D:9      | Gained mutation: Your mind is acute. (Int +2) [mutagenic meat]
  6470 | D:9      | Gained mutation: Your magical capacity is low. (-10% MP) [mutagenic meat]
  6545 | D:9      | Found a sparkling altar of Nemelex Xobeh.
  6561 | D:9      | Found a blossoming altar of Fedhas.
  7006 | D:8      | Noticed Psyche
  7008 | D:8      | Reached skill level 11 in Axes
  7013 | D:8      | Killed Psyche
  7013 | D:8      | Reached XP level 11. HP: 80/100 MP: 11/11
  7030 | D:8      | Reached **** piety under Makhleb
  7044 | D:8      | Noticed Erica
  7050 | D:8      | Noticed Shufflesack's ghost (novice DECj)
  7055 | D:8      | Killed Erica
  7061 | D:8      | Killed Shufflesack's ghost
  7286 | D:8      | Noticed Gastronok
  7303 | D:8      | Killed Gastronok
  7472 | D:11     | Noticed a cyan ugly thing
  7485 | D:11     | Killed a cyan ugly thing
  7490 | D:11     | Gained mutation: Armour fits poorly on your strangely shaped body. [mutagenic meat]
  7782 | D:11     | Found a radiant altar of Vehumet.
  7782 | D:11     | Found an ancient bone altar of Kikubaaqudgha.
  7783 | D:11     | Noticed a fire dragon
  7786 | D:11     | Noticed a tengu reaver
  7786 | D:11     | Reached skill level 12 in Axes
  7824 | D:11     | HP: 1/103 [battlesphere[a tengu reaver] (11)]
  7825 | D:11     | Killed from afar by a tengu reaver

Skill      XL: |  1  2  3  4  5  6  7  8  9 10 11 |
---------------+----------------------------------+-----
Axes           | 3 4 5 6 7 9 11 12 | 12.0
Shields        | 4 5 6 7 8 9 |  9.4
Fighting       | 3 4 5 6 7 |  7.9
Armour         | 4 5 6 7 8 |  8.9
Evocations     | 1 4 6 7 9 |  9.0

Action                   |  1- 3 |  4- 6 |  7- 9 | 10-12 || total
-------------------------+-------+-------+-------+-------++-------
Melee: War axe           |    62 |   358 |   247 |       ||   667
       Broad axe         |       |       |   135 |   268 ||   403
 Abil: Device Recharging |       |     1 |     3 |     2 ||     6
Evoke: Wand              |     1 |     6 |    18 |    11 ||    36
  Use: Scroll            |       |     4 |    13 |     2 ||    19
       Potion            |       |       |    12 |     2 ||    14
 Stab: Distracted        |       |       |       |     1 ||     1
  Eat: Chunk             |       |     7 |     7 |    15 ||    29
       Pizza             |       |       |     3 |     2 ||     5
       Beef jerky        |       |       |     2 |     4 ||     6
Armor: Scale mail        |    13 |       |       |       ||    13
       Chain mail        |    16 |   139 |   157 |       ||   312
       Skin              |     1 |       |       |       ||     1
       Plate armour      |       |       |    17 |   100 ||   117
Dodge: Dodged            |    11 |    58 |    71 |    26 ||   166
Block: Shield            |    33 |   176 |   275 |   213 ||   697
       Reflection        |       |       |     1 |    14 ||    15
